 Dungeon Crawl Stone Soup version 0.31-a0-486-g8d68a81214 (webtiles) character file.

Game seed: 1775030314005794106

30 javelincjr the Trooper (level 3, -9/29 HPs)
             Began as a Demonspawn Fighter on Aug 7, 2023.
             Mangled by Crazy Yiuf
             ... wielding a +2 quarterstaff of chaos
              (10 damage)
             ... on level 2 of the Dungeon.
             The game lasted 00:04:09 (1370 turns).

javelincjr the Trooper (Demonspawn Fighter)         Turns: 1370, Time: 00:04:10

Health: -9/29      AC:  6    Str: 18    XL:     3   Next: 5%
Magic:  3/3        EV:  9    Int:  9    God:
Gold:   84         SH:  5    Dex: 14    Spells: 2/2 levels left

rFire   . . .        g - +1 whip (drain)
rCold   . . .        c - +0 buckler
rNeg    . . .        b - +0 scale mail
rPois   +            (no helmet)
rElec   .            (no cloak)
rCorr   .            (no gloves)
SInv    .            (no boots)
Will    .....        (no amulet)
Stlth   +            k - ring of poison resistance
HPRegen 0.24/turn    (no ring)
MPRegen 0.16/turn

%: no passive effects
@: lethally poisoned (-9 -> -22)
A: thin skeletal structure 1, magic regeneration
a: no special abilities


You were on level 2 of the Dungeon.
You visited 1 branch of the dungeon, and saw 2 of its levels.

You collected 84 gold pieces.

Inventory:

Hand Weapons
 a - a +0 trident
 g - a +1 whip of draining (weapon)
Missiles
 h - 9 javelins
Armour
 b - a +0 scale mail (worn)
 c - a +0 buckler (worn)
 o - a +0 plate armour
Jewellery
 k - a ring of poison resistance (left hand)
Scrolls
 f - a scroll of revelation {unknown}
 i - a scroll of amnesia {unknown}
 l - a scroll of identify {unknown}
 m - 3 scrolls of enchant armour {unknown}
 n - a scroll of fear {unknown}
Potions
 d - 2 potions of might
 e - 2 potions of curing {unknown}
 j - a potion of lignification {unknown}


   Skills:
 + Level 3.2 Fighting
 + Level 0.7 Maces & Flails
 - Level 1.9 Polearms
 + Level 3.0 Armour
 + Level 0.6 Dodging
 + Level 2.9 Shields


You had 2 spell levels left.
You didn't know any spells.
Your spell library contained the following spells:

 Spells                   Type           Power      Damage    Failure   Level
 Sandblast                Erth           0%         2d4       85%         1
 Passwall                 Tmut/Erth      0%         N/A       94%         2
 Stone Arrow              Conj/Erth      0%         3d7       99%         3


Dungeon Overview and Level Annotations

Branches:
Dungeon (2/15)

Altars:
Uskayaw

Annotations:
D:2 Crazy Yiuf


Innate Abilities, Weirdness & Mutations

You have a somewhat thin skeletal structure. (Dex +2, Stealth+)
You regenerate magic rapidly.


Message History

Found a stone staircase leading up.
There is an open door here.
Found a ring mail.
You see here a +0 ring mail.
Found a plate armour.
n - a scroll labelled KATYSM URGHAW
Found a short sword.
You see here a +0 plate armour.
o - a +0 plate armour You now have 84 gold pieces (gained 4).
A bat comes into view.
Found a stone staircase leading down.
The bat completely misses you.
You hit the bat.
You kill the bat!
No target in view!
You see here a bat corpse.
As you open the door, it creaks loudly!
There is an open door here.
You pick up a book of Geomancy and begin reading...
You add the spells Sandblast, Passwall and Stone Arrow to your library.
Found a hammer.
Found a runed translucent door.
Crazy Yiuf grits, "Buddy cloud horse!"
You open the door. You hit Crazy Yiuf but do no damage.
Crazy Yiuf hits you with a +2 quarterstaff of chaos!
Crazy Yiuf freezes you.
You hit Crazy Yiuf.
Crazy Yiuf is lightly wounded.
Crazy Yiuf hits you with a +2 quarterstaff of chaos.
You hit Crazy Yiuf.
Crazy Yiuf is moderately wounded.
Crazy Yiuf hits you with a +2 quarterstaff of chaos!
* * * LOW HITPOINT WARNING * * *
You are lethally poisoned!
You hit Crazy Yiuf but do no damage.
Crazy Yiuf is moderately wounded.
* * * LOW HITPOINT WARNING * * *
You feel very sick.
Crazy Yiuf hits you with a +2 quarterstaff of chaos!
You die...

......##+#+###############..'....
............##..............#....
..........|.##..............#####
........################.........
........# #..##....#
.......######## #........#
............#.### ### #..#......
..........P..#..##...# #..#......
......+...PP####@g...# #..#......
#.#.###...P## ###..)# #..#....(.
#.#.# ###### ### ####...... #.#.
#...|.. #...... ### #...... #.#
####### #.#################
#..................


You could see Crazy Yiuf.

Vanquished Creatures
  A worm (D:2)
  2 dart slugs (D:2)
  2 endoplasms
  A giant cockroach (D:2)
  4 hobgoblins
  2 kobolds
  3 ball pythons (D:2)
  3 bats
  A frilled lizard (D:2)
  6 rats
25 creatures vanquished.

Notes
Turn   | Place    | Note
-------+----------+-------------------------------------------
     0 | D:1      | javelincjr the Demonspawn Fighter began the quest for the
                  | Orb.
     0 | D:1      | Reached XP level 1. HP: 18/18 MP: 1/1
   297 | D:1      | Gained mutation: You have a somewhat thin skeletal
                  | structure. (Dex +2, Stealth+) [demonic ancestry]
   297 | D:1      | Reached XP level 2. HP: 20/21 MP: 2/2
   798 | D:2      | Found a hide-covered altar of Uskayaw.
  1011 | D:2      | Found a faded altar of an unknown god.
  1026 | D:2      | Gained mutation: You regenerate magic rapidly. [demonic
                  | ancestry]
  1026 | D:2      | Reached XP level 3. HP: 26/29 MP: 3/3
  1362 | D:2      | Found a runed translucent door.
  1363 | D:2      | Noticed Crazy Yiuf
  1370 | D:2      | HP: 1/29 [poisoned by Crazy Yiuf]
  1370 | D:2      | Mangled by Crazy Yiuf

Illustrated notes

Levels and vault maps discovered:
D:1:      scummos_arrival_simple_crosswalls, layout_basic
D:2:      layout_basic, basic_ecumenical_altar, basic_altar,
          uniq_crazy_yiuf_cottage

Skill      XL: |  1  2 |
---------------+-------+-----
Armour         | 3 |  3.0
Fighting       | |  3.2
Maces & Flails | |  0.7
Polearms       | |  1.9
Dodging        | |  0.6
Shields        | |  2.9

Action                     || total
---------------------------++-------
  Melee: Whip              ||    64
         Trident           ||    12
 Armour: Scale mail        ||    22
  Dodge: Dodged            ||    31
  Block: Buckler           ||    14

Table legend: (Time is in decaauts)
 A = Elapsed time spent in this place.
 B = Non-inter-level travel time spent in this place.
 C = Inter-level travel time spent in this place.
 D = Time resting spent in this place.
 E = Time spent auto-exploring this place.
 F = Levels seen in this place.
 G = Mean time per level.
                   A        B        C        D        E       F      G
               +--------+--------+--------+--------+--------+-----+--------+
         Total |   1379 |   1379 |      0 |     31 |   1089 |   2 |  689.5 |
       Dungeon |   1379 |   1379 |      0 |     31 |   1089 |   2 |  689.5 |
               +--------+--------+--------+--------+--------+-----+--------+

Top non-repeatable levels by time:
     D:1: 788 daAuts
     D:2: 591 daAuts
